Map: Frozen Temple

Players

MilkiiCowee

  • Race: Terran Terran
  • League: Master

Miszu - Winner!

  • Race: Terran Terran
  • League: Master

VOD

Have the link to the VOD?

Description

Time

  • Played on: May 2, 2016, 2:17 p.m.
  • Length: 13:14
Show
View Real Time Build Order
Export as new Build Order

MilkiiCowee Terran 

Build Orders: Bio Tank 

Get SALT Encoding   

  12  0:01  SCV  
  13  0:13  SCV  
  14  0:17  Supply Depot  
  14  0:25  SCV  
  15  0:30  Refinery  
  15  0:39  SCV  
  16  0:46  Barracks  
  16  0:53  Refinery  
  16  0:55  SCV  
  17  1:07  SCV  
  18  1:19  SCV  
  19  1:37  Orbital Command  
  19  1:38  Reaper  
  20  1:40  Factory  
  20  1:58  Supply Depot  
  20  2:04  SCV  
  21  2:12  Reaper  
  22  2:24  Hellion  
  23  2:33  SCV  
  23  2:36  Starport  
  24  2:43  Supply Depot  
  24  2:44  Reaper  
  24  2:46  Hellion  
  24  2:49  SCV  
  29  3:05  SCV  
  29  3:14  Medivac  
  29  3:15  Hellion  
  29  3:17  SCV  
  34  3:32  Barracks Reactor  
  34  3:36  Command Center  
  34  3:40  SCV  
  35  4:10  SCV  
  35  4:11  Marine x2  
  35  4:12  Factory Tech Lab  
  35  4:16  Supply Depot  
  38  4:17  Viking  
  38  4:23  SCV  
  36  4:41  SCV  
  36  4:43  Siege Tank  
  38  4:47  Barracks  
  38  4:49  Orbital Command  
  37  4:57  SCV  
  37  4:59  Marine, Barracks  
  39  5:08  Marine  
  39  5:15  SCV x2  
  39  5:17  Marine  
  42  5:23  Viking  
  42  5:27  SCV  
  42  5:28  SCV  
  46  5:39  SCV  
  46  5:40  Marine x2, SCV  
  50  5:51  SCV  
  50  5:52  Barracks Tech Lab x2, SCV  
  50  5:54  Barracks  
  50  5:56  Barracks  
  52  5:58  Siege Tank  
  52  6:00  Marine  
  52  6:03  SCV  
  57  6:04  SCV  
  57  6:05  Supply Depot  
  57  6:07  Starport Reactor  
  57  6:10  Stimpack  
  58  6:13  Combat Shields  
  58  6:19  Engineering Bay  
  58  6:20  SCV  
  58  6:22  SCV  
  58  6:23  Marine  
  58  6:24  Marine  
  62  6:31  Siege Tank  
  64  6:42  Marine  
  64  6:44  Barracks Reactor x2, Marine x3  
  68  6:48  Terran Infantry Weapons Level 1  
  68  6:50  Refinery  
  68  6:51  Medivac  
  70  7:00  Marine  
  71  7:04  Siege Tank, SCV  
  71  7:05  Supply Depot, Marine  
  71  7:06  Refinery  
  71  7:08  Marine  
  77  7:11  Marine  
  77  7:15  Supply Depot  
  78  7:19  Supply Depot x2  
  78  7:26  Marine x6, SCV  
  78  7:28  Supply Depot  
  85  7:36  Marine  
  84  7:37  SCV  
  84  7:38  Marine  
  84  7:44  Marine  
  84  7:47  Marine  
  85  7:53  Marine  
  85  7:54  Marine x2  
  88  8:04  Marine  
  88  8:05  Marine  
  90  8:06  Marine, Siege Tank  
  90  8:09  Marine  
  90  8:10  Factory  
  90  8:11  Marine  
  90  8:12  Marine x2  
  97  8:14  Barracks Reactor  
  97  8:22  Marine x2  
  97  8:23  Marine  
  97  8:24  SCV  
  101  8:29  Marine  
  101  8:30  Marine x2  
  101  8:32  Medivac x2  
  106  8:57  Marine x3, Siege Tank x2  
  106  8:58  Marine x2  
  106  9:00  Supply Depot, Terran Infantry Armor Level 1  
  106  9:01  Supply Depot  
  106  9:02  Marine  
  118  9:04  Marine  
  118  9:05  Marine  
  118  9:09  Marine  
  121  9:11  Medivac  
  121  9:12  Medivac  
  121  9:15  Marine  
  126  9:21  Marine  
  126  9:22  SCV  
  123  9:32  Marine  
  122  9:39  Marine  
  122  9:42  Marine x2  
  123  9:47  SCV  
  123  9:49  Siege Tank  
  127  9:54  Barracks Reactor  
  127  9:56  Barracks Reactor  
  127  9:57  Marine x3  
  130  10:07  Marine  
  130  10:08  Marine  
  130  10:12  Medivac x2  
  139  10:15  Marine x3  
  142  10:25  Marine  
  142  10:26  Marine  
  140  10:33  Marine  
  130  10:41  Marine x2  
  110  11:02  Marine x2  
  107  11:07  Orbital Command  
  64  11:46  SCV  
  61  11:58  SCV  
  53  12:25  Supply Depot  
  53  12:26  Supply Depot  
  53  12:30  Barracks  
  53  12:32  Barracks  
  53  12:54  Command Center  
Show
View Real Time Build Order
Export as new Build Order

Miszu Terran - Winner!

Build Orders: 1/1/1, Bio Tank 

Get SALT Encoding   

  12  0:00  SCV  
  13  0:12  SCV  
  14  0:18  Supply Depot  
  14  0:26  SCV  
  15  0:32  Refinery  
  15  0:40  SCV  
  16  0:45  Barracks  
  16  0:52  SCV  
  16  0:56  Refinery  
  17  1:04  SCV  
  18  1:16  SCV  
  19  1:28  SCV  
  20  1:33  Factory  
  20  1:36  Reaper  
  21  1:40  Orbital Command  
  21  1:48  Supply Depot  
  21  2:06  SCV  
  22  2:09  Reaper  
  23  2:17  Starport, Hellion  
  23  2:20  SCV  
  26  2:33  Supply Depot, SCV  
  27  2:39  Hellion  
  27  2:41  Reaper  
  30  2:45  SCV  
  31  2:57  SCV  
  32  3:01  Medivac  
  32  3:02  Hellion  
  36  3:17  Barracks Tech Lab  
  36  3:22  Command Center  
  36  3:24  SCV  
  37  3:28  Factory Tech Lab  
  37  3:31  Supply Depot  
  37  3:38  Viking  
  39  3:52  SCV  
  40  3:55  Barracks Reactor  
  40  3:59  Siege Tank  
  43  4:04  SCV  
  44  4:16  SCV  
  45  4:18  Barracks  
  45  4:20  Barracks  
  37  4:39  SCV  
  37  4:42  Marine x2  
  38  4:51  Siege Tank, SCV  
  42  4:56  Orbital Command  
  42  5:00  Marine x2  
  42  5:04  SCV  
  44  5:09  Marine  
  44  5:14  Stimpack  
  46  5:16  Starport Reactor, SCV  
  46  5:17  Marine  
  46  5:20  Barracks Tech Lab  
  47  5:22  SCV  
  47  5:28  SCV  
  49  5:33  Engineering Bay  
  49  5:35  Marine, SCV  
  50  5:36  Marine, Refinery  
  50  5:38  Marine  
  50  5:40  SCV, Combat Shields  
  54  5:47  SCV  
  54  5:48  Siege Tank  
  59  5:52  Medivac, SCV  
  62  5:58  Supply Depot  
  62  6:00  Supply Depot  
  61  6:04  Terran Infantry Weapons Level 1  
  61  6:09  Marine  
  62  6:19  Marine x3, Medivac, SCV x2  
  62  6:22  Supply Depot  
  62  6:25  Supply Depot  
  69  6:27  Medivac  
  69  6:31  SCV  
  72  6:41  Marine x2  
  72  6:42  Marine x2  
  72  6:43  SCV  
  72  6:46  Supply Depot  
  77  6:48  Siege Tank  
  77  6:51  Supply Depot  
  77  6:53  SCV  
  81  6:59  Marine x3  
  81  7:00  Marine  
  84  7:05  Medivac  
  86  7:12  SCV x2  
  86  7:13  Supply Depot  
  88  7:17  Marine x4  
  92  7:24  Medivac, Siege Tank  
  97  7:34  Supply Depot  
  97  7:35  Marine x4  
  100  7:44  Medivac  
  102  7:53  Marine x4  
  102  7:56  Siege Tank  
  109  8:02  Command Center  
  109  8:10  Marine  
  109  8:11  Marine x3  
  113  8:13  Medivac  
  113  8:16  SCV x2  
  113  8:17  Terran Infantry Armor Level 1  
  113  8:19  Supply Depot, Refinery  
  117  8:23  Supply Depot  
  117  8:28  Marine x2  
  117  8:29  Marine  
  120  8:35  Barracks x2  
  120  8:47  Marine  
  120  8:48  Marine x3  
  110  8:49  Siege Tank  
  110  8:55  Supply Depot  
  113  9:05  Engineering Bay, Marine  
  113  9:06  Marine x3  
  113  9:07  Armory  
  117  9:14  Medivac  
  119  9:21  Siege Tank  
  119  9:23  Marine x2  
  119  9:24  Marine  
  125  9:29  Marine  
  121  9:41  Marine x3  
  121  9:44  Barracks Reactor x2  
  121  9:45  Orbital Command  
  122  9:46  SCV x2  
  122  9:47  Marine  
  125  9:58  SCV x2  
  125  9:59  Marine x3  
  129  10:03  Terran Infantry Weapons Level 2  
  129  10:05  Marine  
  130  10:08  Siege Tank  
  130  10:10  SCV  
  134  10:16  Marine  
  129  10:38  Marine x2  
  129  10:39  Marine  
  129  10:41  Marine x2  
  129  10:42  Marine  
  109  10:43  Marine, Siege Tank  
  109  10:44  Marine  
  114  10:56  Marine  
  111  10:57  Marine  
  111  10:59  Marine  
  111  11:00  Marine x2  
  111  11:02  Marine  
Tags
 
Composition
Bio TankBio Tank
Matchup
TvT
Opening
1/1/1
Race
Terran
Add a new tag
Caveats
  • Supply blocks, unpowered buildings, or Contaminate may cause inaccurate times.
  • Supply counts are checked every 10 seconds.